 Dungeon Crawl Stone Soup version 0.20-a0-1026-gc3ddcbd (webtiles) character file.

18249 kuniqs the Prestidigitator (level 12, -8/110 HPs)
             Began as a Deep Dwarf Fighter on Apr 20, 2017.
             Was a High Priest of Makhleb.
             Mangled by a spiny frog (18 damage)
             ... on level 1 of the Lair of Beasts on Apr 21, 2017.
             The game lasted 00:24:58 (9020 turns).

kuniqs the Prestidigitator (Deep Dwarf Fighter)     Turns: 9020, Time: 00:24:58

Health: -8/110     AC: 20    Str: 20    XL:     12   Next: 26%
Magic:  8/8        EV: 15    Int: 10    God:    Makhleb [*****.]
Gold:   554        SH: 12    Dex: 16    Spells: 11/11 levels left

rFire    . . .     SeeInvis .   J - +2 short sword (elec)
rCold    . . .     Gourm    .   c - +0 shield
rNeg     . . .     Faith    +   R - +3 scale mail
rPois    +         Spirit   .   N - +2 helmet
rElec    .         Reflect  .   H - +0 cloak
rCorr    .         Harm     .   v - +0 pair of gloves
MR       +....                  (no boots)
Stlth    ..........             g - amulet of faith
Regen    0.0/turn               O - +3 ring of protection
MPRegen  0.2/turn               B - ring of poison resistance

@: lethally poisoned (-8 -> -8), non-regenerating
A: damage resistance, heal wounds, sense surroundings 2, no regeneration
a: Heal Wounds, Minor Destruction, Lesser Servant of Makhleb, Major Destruction,
Greater Servant of Makhleb, Renounce Religion


You were on level 1 of the Lair of Beasts.
You worshipped Makhleb.
Makhleb was extremely pleased with you.
You were not hungry.

You visited 3 branches of the dungeon, and saw 15 of its levels.

You collected 554 gold pieces.

Inventory:

Hand Weapons
 a - a +0 war axe
 D - a +0 flail of holy wrath
 J - a +2 short sword of electrocution (weapon)
Missiles
 Y - a throwing net (quivered)
Armour
 c - a +0 shield (worn)
 v - a +0 pair of gloves (worn)
 H - a +0 cloak (worn)
 N - a +2 helmet (worn)
 R - a +3 scale mail (worn)
Jewellery
 g - an amulet of faith (around neck)
 y - an uncursed ring of fire
 B - a ring of poison resistance (right hand)
 M - an uncursed ring of ice
 O - a +3 ring of protection (left hand)
Wands
 m - a wand of flame (25/48)
 G - a wand of polymorph (1/24)
 I - a wand of polymorph (12/24)
 Q - a wand of polymorph (2/24)
Scrolls
 k - 5 scrolls of identify {@r1}
 n - 8 scrolls of teleportation
 p - 3 scrolls of enchant weapon
 s - 2 scrolls of amnesia {unknown}
 t - 2 scrolls of fear {unknown}
 u - 2 scrolls of recharging {unknown}
 x - 3 scrolls of remove curse {@r2}
 E - 3 scrolls of immolation {unknown}
 K - a scroll of magic mapping {unknown}
 S - a scroll of enchant armour {unknown}
 V - a scroll of holy word {unknown}
 W - a scroll of acquirement {unknown}
Potions
 h - 8 potions of curing {@q1}
 j - a potion of heal wounds
 l - 2 potions of resistance {unknown}
 o - a potion of magic {unknown}
 q - 3 potions of flight {unknown}
 r - 2 potions of mutation {unknown}
 w - a potion of ambrosia {unknown}
 z - 3 potions of might
 A - 2 potions of berserk rage {unknown}
 C - 3 potions of lignification {unknown}
 F - 3 potions of brilliance {unknown}
 L - 3 potions of agility
 P - a potion of degeneration {unknown}
 U - a potion of cancellation {unknown}
Miscellaneous
 X - a phial of floods
Comestibles
 b - 4 chunks of flesh
 d - 6 bread rations
 e - 5 meat rations
 f - 5 fruits
 i - 14 royal jellies


   Skills:
 + Level 8.0 Fighting
 + Level 8.7 Axes
 + Level 9.4 Armour
 + Level 8.9 Dodging
 + Level 9.5 Shields
 + Level 7.9 Invocations
 + Level 10.0 Evocations


You had 11 spell levels left.
You didn't know any spells.

Dungeon Overview and Level Annotations

Branches:
Dungeon (13/15)            Temple (1/1) D:6            Lair (1/6) D:10
    Orc (0/2) D:10
 Vaults: D:13-14

Altars:
Ashenzari
Cheibriados
Dithmenos
Elyvilon
Fedhas
Gozag
Hepliaklqana
Kikubaaqudgha
Makhleb
Nemelex Xobeh
Okawaru
Qazlal
Ru
Sif Muna
Trog
Uskayaw
Vehumet
Wu Jian
Xom
Yredelemnul
Zin
The Shining One

Shops:
D:10 (


Innate Abilities, Weirdness & Mutations

You are resistant to damage.
You can heal yourself by infusing magical energy.
You passively map the area around you.
You do not regenerate.


Message History

You puncture the spiny frog! The spiny frog barely misses you.
You block the spiny frog's attack. The spiny frog misses you.
You hit the spiny frog.
Lightning courses through the spiny frog!
You block the spiny frog's attack. x2
You hit the spiny frog. You block the spiny frog's attack.
The spiny frog misses you. x2
You hit the spiny frog.
The sentinel's mark upon you fades away.
You block the spiny frog's attack. The spiny frog stings you!
* * * LOW HITPOINT WARNING * * *
The spiny frog misses you.
You closely miss the spiny frog. The spiny frog stings you!
* * * LOW HITPOINT WARNING * * *
The spiny frog closely misses you.
You barely miss the spiny frog. The spiny frog stings you!
* * * LOW HITPOINT WARNING * * *
The spiny frog stings you but does no damage.
The spiny frog stings you!!
You die...

#..........#
####..### #
##........###
#### ##
#......#### #.
###.#...## ####
#. # ##...###..##
#. ##..#......##
#.
##.#.........##
##
##....F........##
#
#.....@.........#
#....F†........##
#...............#
,,
#..............##
#..............#
* , ,
#.............##
* ##............#
*,,,
#P...........# ,
###.........## ,
,


You could see 2 spiny frogs.

Vanquished Creatures
  A centaur warrior (D:12)
  4 two-headed ogres
  A death yak (D:10)
  An unseen horror (D:12)
  A cyclops (D:12)
  An elephant (D:10)
  A spiny frog (Lair:1)
  6 orange demons (D:12)
  A komodo dragon (D:6)
  A kobold demonologist (D:12)
  A rime drake (Lair:1)
  2 red devils (D:12)
  2 trolls
  Prince Ribbit (D:8)
  A hornet (D:10)
  Grinder (D:6)
  2 hippogriffs (D:12)
  5 blink frogs (Lair:1)
  The ghost of Duffy the Chopper, an amateur DDBe of Trog (D:4)
  A hungry ghost (D:10)
  6 vampire mosquitoes (D:12)
  A water moccasin (Lair:1)
  2 porcupines (Lair:1)
  An orc warrior (D:12)
  3 ice beasts
  A black bear (D:10)
  A hornet zombie (D:12)
  2 sky beasts
  2 necrophages
  A phantom (D:9)
  7 centaurs
  4 ogres
  The ghost of RexLacerta the Caller, an amateur MfSu (D:3)
  3 big kobolds (D:12)
  4 crocodiles
  7 bullfrogs
  2 gnoll sergeants
  2 scorpions
  A wyvern skeleton (D:12)
  A water moccasin skeleton (D:9)
  17 killer bees
  5 wights
  3 howler monkeys
  2 centaur zombies
  7 crimson imps
  Crazy Yiuf (D:3)
  3 bullfrog zombies
  7 orc priests
  3 hounds
  9 jellies
  8 orc wizards
  Ijyb (D:3)
  A centaur skeleton (D:5)
  3 iguanas
  12 worker ants
  Robin (D:2)
  15 gnolls
  12 adders
  4 shadow imps
  6 oozes
  An adder skeleton (D:8)
  6 worms
  2 dart slugs
  4 leopard geckos
  24 orcs
  3 ball pythons
  4 giant cockroaches
  9 goblins
  6 hobgoblins
  10 jackals
  6 quokkas
  3 bats
  3 frilled lizards
  A jackal zombie (D:6)
  12 kobolds
  A leopard gecko skeleton (D:7)
  A quokka skeleton (D:4)
  10 rats
313 creatures vanquished.

Notes
Turn   | Place    | Note
-------+----------+-------------------------------------------
     0 | D:1      | kuniqs the Deep Dwarf Fighter began the quest for the Orb.
     0 | D:1      | Reached XP level 1. HP: 20/20 MP: 1/1
   445 | D:1      | Reached skill level 1 in Dodging
   447 | D:1      | Reached XP level 2. HP: 21/27 MP: 2/2
   716 | D:2      | Noticed Robin
   723 | D:2      | Killed Robin
   723 | D:2      | Reached XP level 3. HP: 21/33 MP: 3/3
   981 | D:2      | Found a shadowy altar of Dithmenos.
  1159 | D:2      | Reached XP level 4. HP: 41/42 MP: 3/3
  1376 | D:3      | Found a glowing silver altar of Zin.
  1377 | D:3      | Noticed RexLacerta's ghost (amateur MfSu)
  1611 | D:3      | Found a glowing silver altar of Zin.
  1611 | D:3      | Found a shimmering altar of Xom.
  1622 | D:3      | Found a stormy altar of Qazlal.
  1622 | D:3      | Found a snail-covered altar of Cheibriados.
  1622 | D:3      | Found an ornate altar of the Wu Jian Council.
  1730 | D:3      | Noticed Ijyb
  1759 | D:3      | Killed Ijyb
  1759 | D:3      | Reached XP level 5. HP: 38/49 MP: 4/4
  1824 | D:3      | Found a runed door.
  1829 | D:3      | Noticed Crazy Yiuf
  1839 | D:3      | Killed Crazy Yiuf
  2048 | D:3      | Killed RexLacerta's ghost
  2048 | D:3      | Reached skill level 1 in Evocations
  2067 | D:4      | Reached XP level 6. HP: 50/56 MP: 6/6
  2083 | D:4      | Found an ornate altar of the Wu Jian Council.
  2271 | D:4      | Found a deep blue altar of Sif Muna.
  2471 | D:4      | Reached skill level 2 in Evocations
  2476 | D:4      | Found an opulent altar of Gozag.
  2571 | D:4      | Noticed Duffy's ghost (amateur DDBe)
  2588 | D:4      | Killed Duffy's ghost
  2588 | D:4      | Reached skill level 5 in Armour
  2588 | D:4      | Reached XP level 7. HP: 48/63 MP: 7/7
  2635 | D:5      | Entered Level 5 of the Dungeon
  2694 | D:5      | Reached skill level 5 in Shields
  2845 | D:5      | Reached skill level 3 in Evocations
  3077 | D:5      | Reached XP level 8. HP: 46/73 MP: 9/9
  3219 | D:5      | Reached skill level 4 in Evocations
  3542 | D:6      | Noticed Grinder
  3548 | D:6      | Paralysed by Grinder for 6 turns
  3562 | D:6      | Killed Grinder
  3562 | D:6      | Reached skill level 5 in Dodging
  3665 | D:6      | Reached skill level 5 in Axes
  3694 | D:6      | Found a staircase to the Ecumenical Temple.
  3703 | Temple   | Entered the Ecumenical Temple
  3708 | Temple   | Became a worshipper of Makhleb the Destroyer
  3722 | D:6      | Reached skill level 5 in Fighting
  3755 | D:6      | Found a hide-covered altar of Uskayaw.
  3806 | D:6      | Reached skill level 5 in Evocations
  3878 | D:6      | Gained mutation: You passively map the area around you. [Deep Dwarf growth]
  3878 | D:6      | Reached XP level 9. HP: 62/81 MP: 8/8
  3887 | D:6      | Found a shattered altar of Ashenzari.
  3954 | D:6      | Noticed a komodo dragon
  3979 | D:6      | Killed a komodo dragon
  4053 | D:6      | Found a basalt altar of Yredelemnul.
  4529 | D:7      | Reached * piety under Makhleb
  4529 | D:7      | Reached skill level 6 in Evocations
  4931 | D:7      | You fall through a shaft for 3 floors!
  4931 | D:10     | Entered Level 10 of the Dungeon
  5080 | D:10     | Reached skill level 1 in Invocations
  5105 | D:11     | Noticed a troll
  5110 | D:10     | Killed a troll
  5164 | D:10     | Found Cicluys's Antique Weapon Shoppe.
  5202 | D:11     | Noticed a death knight
  5395 | D:9      | Reached ** piety under Makhleb
  5413 | D:8      | Reached XP level 10. HP: 75/91 MP: 8/8
  5725 | D:8      | Noticed Prince Ribbit
  5742 | D:8      | Killed Prince Ribbit
  5742 | D:8      | Reached skill level 7 in Evocations
  5860 | D:8      | Found a shimmering altar of Xom.
  6342 | D:9      | Noticed a two-headed ogre
  6353 | D:9      | Killed a two-headed ogre
  6462 | D:9      | Noticed a two-headed ogre
  6473 | D:9      | Killed a two-headed ogre
  6473 | D:9      | Reached *** piety under Makhleb
  6476 | D:9      | Noticed a skeletal warrior
  6619 | D:10     | Found a staircase to the Orcish Mines.
  6619 | D:10     | Noticed a two-headed ogre
  6635 | D:10     | Killed a two-headed ogre
  6635 | D:10     | Reached skill level 5 in Invocations
  6635 | D:10     | Reached skill level 8 in Evocations
  6784 | D:12     | Noticed an orange demon
  6784 | D:12     | Noticed an orange demon
  6785 | D:12     | Noticed an orange demon
  6827 | D:11     | Got a scintillating garnet amulet
  6828 | D:11     | Identified the amulet "Seskuhesch" {Inacc Fragile rF+ rC+ Stlth+} (You found it on level 11 of the Dungeon)
  7058 | D:12     | Reached XP level 11. HP: 44/99 MP: 9/9
  7092 | D:12     | Noticed a centaur warrior
  7121 | D:12     | Killed a centaur warrior
  7172 | D:12     | Killed an unseen horror
  7246 | D:12     | Reached **** piety under Makhleb
  7376 | D:12     | Reached skill level 9 in Evocations
  8061 | D:11     | Reached ***** piety under Makhleb
  8129 | D:10     | Found a staircase to the Lair.
  8129 | D:10     | Noticed a death yak
  8145 | D:10     | Noticed a two-headed ogre
  8170 | D:10     | Killed a death yak
  8206 | D:10     | Killed a two-headed ogre
  8206 | D:10     | Reached XP level 12. HP: 66/110 MP: 8/8
  8316 | D:10     | Found a shattered altar of Ashenzari.
  8608 | Lair:1   | Entered Level 1 of the Lair of Beasts
  8882 | Lair:1   | Reached skill level 10 in Evocations
  9020 | Lair:1   | Mangled by a spiny frog

Vault maps used:
D:1:      kennysheep_arrival_forest
D:2:      overflow_temple_1_default, uniq_robin
D:3:      doesnt_xom_only_xom, uniq_ijyb, uniq_crazy_yiuf_cottage
D:4:      marbit_many_paths, led_sif_book, overflow_temple_1_default,
          first_bread
D:6:      kennysheep_mini_moat, lemuel_coloured_pillars_altar, temple_fountains,
          basic_altar, uniq_grinder
D:8:      kennysheep_small_circle, uniq_prince_ribbit1
D:9:      overflow_temple_1_default, minmay_the_grid_four_pointed_star
D:10:     david_lair_generic, serial_shops, shop,
          hangedman_little_slice_of_home, nicolae_ashenzari_panopticon
D:11:     grunt_dithmenos_shadows
D:12:     minmay_beelzebubs_servants
D:13:     grunt_vaults_entry_fortified
Temple:   minmay_freezing_vapour_temple
Lair:1:   lemuel_slime, infiniplex_staircase_pool

Skill      XL: |  1  2  3  4  5  6  7  8  9 10 11 12 |
---------------+-------------------------------------+-----
Dodging        | 1 2 3 4 5 6 7 8 |  8.9
Fighting       | 3 4 5 6 7 8 |  8.0
Armour         | 4 5 6 7 8 9 |  9.4
Shields        | 4 5 6 7 8 9 |  9.5
Axes           | 3 4 5 6 7 8 |  8.7
Evocations     | 1 2 3 5 6 8 9 10 | 10.0
Invocations    | 2 5 7 |  7.9

Action                   |  1- 3 |  4- 6 |  7- 9 | 10-12 || total
-------------------------+-------+-------+-------+-------++-------
Melee: War axe           |   122 |    85 |     4 |   124 ||   335
       Unarmed           |       |     9 |       |       ||     9
       Flail             |       |    16 |       |       ||    16
       Short sword       |       |    34 |   481 |   822 ||  1337
 Abil: Heal Wounds       |     1 |     2 |    14 |    14 ||    31
  Use: Scroll            |       |       |     4 |     2 ||     6
       Potion            |       |       |       |     1 ||     1
 Stab: Confused          |       |     2 |       |       ||     2
  Eat: Chunk             |     1 |     5 |    10 |    14 ||    30
Armor: Scale mail        |    70 |    40 |   150 |   380 ||   640
Dodge: Dodged            |    39 |    36 |   213 |   610 ||   898
Block: Shield            |    68 |    70 |   111 |   453 ||   702
       Buckler           |       |       |   104 |   144 ||   248
